| TOP OF THE 1ST |
|
Huron Cubs batting - Pitching for Duluth-Superior Dukes : RHP Francis Cutty
|
|
Pitching: RHP Francis Cutty
|
|
|
Batting: SHB Keith Smith
|
0-0: SINGLE (Groundball, 34D, EV 104.4 MPH)
|
|
Batting: RHB Mike Stellern
|
0-0: Called Strike 0-1: SINGLE (Flyball, 56D, EV 88.1 MPH) Keith Smith to second
|
|
Batting: RHB Mark Carreon
|
0-0: Ball Wild Pitch! Keith Smith to third Mike Stellern to second 1-0: Fly out, F8 (Flyball, 8LS, EV 91.9 MPH)
|
|
Batting: RHB John Alvarez
|
0-0: Ball 1-0: Foul Ball, location: 2F 1-1: Ball Passed Ball! Keith Smith scores Mike Stellern to third 2-1: Fly out, F9 (Line Drive, 9, EV 104.4 MPH) Runner from 3rd tags up, OUT at HOME! 9-2
|
| Top of the 1st over - 1 run, 2 hits, 0 errors, 0 left on base; Huron 1 - Duluth-Superior 0 |
| BOTTOM OF THE 1ST |
|
Duluth-Superior Dukes batting - Pitching for Huron Cubs : RHP Carlos Gil
|
|
Pitching: RHP Carlos Gil
|
|
|
Batting: RHB Hector Cervantes
|
0-0: Swinging Strike 0-1: Fly out, F9 (Flyball, 89M, EV 76.9 MPH)
|
|
Batting: RHB Jim Ferguson
|
0-0: Ball 1-0: Foul Ball, location: 2F 1-1: Called Strike 1-2: Strikes out swinging
|
|
Batting: RHB Ricky Sheetz
|
0-0: Ball 1-0: Ball 2-0: Foul Ball, location: 2F 2-1: Ground out 4-3 (Groundball, 34, EV 83.8 MPH)
|
| Bottom of the 1st over - 0 runs, 0 hits, 0 errors, 0 left on base; Huron 1 - Duluth-Superior 0 |
| TOP OF THE 2ND |
|
Huron Cubs batting - Pitching for Duluth-Superior Dukes : RHP Francis Cutty
|
|
Batting: RHB Greg Zunino
|
0-0: Called Strike 0-1: Foul Ball, location: 2F 0-2: Ball 1-2: Ball 2-2: Foul Ball, location: 2F 2-2: Ball 3-2: Base on Balls
|
|
Batting: LHB Willis Gonzalez
|
0-0: Called Strike 0-1: Swinging Strike 0-2: Strikes out swinging
|
|
Batting: RHB Duffy Ryan
|
0-0: Called Strike 0-1: Fly out, F7 (Flyball, 7LD, EV 102.5 MPH)
|
|
Batting: RHB Scot Holliday
|
0-0: Ball 1-0: Called Strike 1-1: Foul Ball, location: 2F 1-2: Ball 2-2: Ball 3-2: Fly out, F7 (Flyball, 7S, EV 81.9 MPH)
|
| Top of the 2nd over - 0 runs, 0 hits, 0 errors, 1 left on base; Huron 1 - Duluth-Superior 0 |
| BOTTOM OF THE 2ND |
|
Duluth-Superior Dukes batting - Pitching for Huron Cubs : RHP Carlos Gil
|
|
Batting: LHB Ralph Bryant
|
0-0: Ball 1-0: Ball 2-0: Foul Ball, location: 2F 2-1: Foul Ball, location: 2F 2-2: Strikes out swinging
|
|
Batting: RHB Leo Vargas
|
0-0: Called Strike 0-1: Foul Ball, location: 2F 0-2: Ball 1-2: Foul Ball, location: 2F 1-2: Fly out, F9 (Flyball, 89S, EV 88.1 MPH)
|
|
Batting: SHB Garry Humpston
|
0-0: Ball 1-0: Swinging Strike 1-1: Ball 2-1: Swinging Strike 2-2: Foul Ball, location: 2F 2-2: Strikes out swinging
|
| Bottom of the 2nd over - 0 runs, 0 hits, 0 errors, 0 left on base; Huron 1 - Duluth-Superior 0 |
| TOP OF THE 3RD |
|
Huron Cubs batting - Pitching for Duluth-Superior Dukes : RHP Francis Cutty
|
|
Batting: SHB Chris Pittaro
|
0-0: Foul Ball, location: 2F 0-1: Called Strike 0-2: Ball 1-2: Fly out, F8 (Line Drive, 8RM, EV 90.6 MPH)
|
|
Batting: SHB Keith Smith
|
0-0: Ball 1-0: Foul Ball, location: 2F 1-1: Ball 2-1: Ball 3-1: Fly out, F6 (Popup, 6S, EV 77.5 MPH)
|
|
Batting: RHB Mike Stellern
|
0-0: Fly out, F3 (Popup, 3S, EV 68.1 MPH)
|
| Top of the 3rd over - 0 runs, 0 hits, 0 errors, 0 left on base; Huron 1 - Duluth-Superior 0 |
| BOTTOM OF THE 3RD |
|
Duluth-Superior Dukes batting - Pitching for Huron Cubs : RHP Carlos Gil
|
|
Batting: RHB Pete Rice
|
0-0: Called Strike 0-1: Foul Ball, location: 2F 0-2: Ball 1-2: Foul Ball, location: 2F 1-2: Ground out 6-3 (Groundball, 6, EV 101.9 MPH)
|
|
Batting: RHB Gary Hinson
|
0-0: Swinging Strike 0-1: Ball 1-1: Foul Ball, location: 2F 1-2: Strikes out swinging
|
|
Batting: RHB Allan Garray
|
0-0: Called Strike 0-1: Ball 1-1: DOUBLE (Groundball, 5L, EV 106.9 MPH)
|
|
Batting: RHB Hector Cervantes
|
0-0: Called Strike 0-1: Ball 1-1: Called Strike 1-2: Fly out, F3 (Popup, 3F, EV 78.8 MPH)
|
| Bottom of the 3rd over - 0 runs, 1 hit, 0 errors, 1 left on base; Huron 1 - Duluth-Superior 0 |
| TOP OF THE 4TH |
|
Huron Cubs batting - Pitching for Duluth-Superior Dukes : RHP Francis Cutty
|
|
Batting: RHB Mark Carreon
|
0-0: Called Strike 0-1: SINGLE (Flyball, 9LM, EV 92.5 MPH)
|
|
Batting: RHB John Alvarez
|
0-0: Ball 1-0: Ball 2-0: SINGLE (Groundball, 6MD, EV 103.1 MPH) Mark Carreon to second Runner from 2nd tries for 3rd, SAFE, throw by CF made to third
|
|
Batting: RHB Greg Zunino
|
0-0: Foul Ball, location: 2F 0-1: Foul Ball, location: 2F 0-2: Fly out, F4 (Flyball, 34D, EV 95.6 MPH)
|
|
Batting: LHB Willis Gonzalez
|
0-0: Ball 1-0: Ball 2-0: Ball 3-0: Called Strike 3-1: Foul Ball, location: 2F 3-2: Base on Balls John Alvarez to second
|
|
Batting: RHB Duffy Ryan
|
0-0: Called Strike 0-1: Foul Ball, location: 2F 0-2: Ball 1-2: DOUBLE (Line Drive, 78XD, EV 109.4 MPH) Mark Carreon scores John Alvarez scores Willis Gonzalez to third
|
|
Batting: RHB Scot Holliday
|
0-0: Called Strike 0-1: Ball 1-1: Ball 2-1: Fly out, F9 (Line Drive, 9, EV 106.9 MPH) Runner from 3rd tags up, SCORES, throw by RF Duffy Ryan to third
|
|
Batting: SHB Chris Pittaro
|
0-0: Ball 1-0: Ball 2-0: Fly out, F8 (Line Drive, 8LM, EV 95.0 MPH)
|
| Top of the 4th over - 3 runs, 3 hits, 0 errors, 1 left on base; Huron 4 - Duluth-Superior 0 |
| BOTTOM OF THE 4TH |
|
Duluth-Superior Dukes batting - Pitching for Huron Cubs : RHP Carlos Gil
|
|
Batting: RHB Jim Ferguson
|
0-0: Ball 1-0: Foul Ball, location: 2F 1-1: Fly out, F9 (Line Drive, 9, EV 95.6 MPH)
|
|
Batting: RHB Ricky Sheetz
|
0-0: Ball 1-0: Foul Ball, location: 2F 1-1: Foul Ball, location: 2F 1-2: Ball 2-2: Ball 3-2: Fly out, F7 (Flyball, 7LS, EV 90.6 MPH)
|
|
Batting: LHB Ralph Bryant
|
0-0: Ball 1-0: Fly out, F8 (Flyball, 8LS, EV 83.1 MPH)
|
| Bottom of the 4th over - 0 runs, 0 hits, 0 errors, 0 left on base; Huron 4 - Duluth-Superior 0 |
| TOP OF THE 5TH |
|
Huron Cubs batting - Pitching for Duluth-Superior Dukes : RHP Francis Cutty
|
|
Batting: SHB Keith Smith
|
0-0: Called Strike 0-1: Called Strike 0-2: Ground out 1-3 (Groundball, 34S, EV 73.8 MPH)
|
|
Batting: RHB Mike Stellern
|
0-0: Called Strike 0-1: Foul Ball, location: 2F 0-2: Strikes out looking
|
|
Batting: RHB Mark Carreon
|
0-0: Ball 1-0: Foul Ball, location: 2F 1-1: TRIPLE (Flyball, 9LD, EV 106.9 MPH)
|
|
Batting: RHB John Alvarez
|
0-0: Ball 1-0: Called Strike 1-1: Ball 2-1: Foul Ball, location: 2F 2-2: Fly out, F8 (Line Drive, 8RM, EV 95.6 MPH)
|
| Top of the 5th over - 0 runs, 1 hit, 0 errors, 1 left on base; Huron 4 - Duluth-Superior 0 |
| BOTTOM OF THE 5TH |
|
Duluth-Superior Dukes batting - Pitching for Huron Cubs : RHP Carlos Gil
|
|
Batting: RHB Leo Vargas
|
0-0: Ball 1-0: Called Strike 1-1: Swinging Strike 1-2: Ball 2-2: SINGLE (Groundball, 4MD, EV 94.4 MPH)
|
|
Batting: SHB Garry Humpston
|
0-0: Fly out, F9 (Flyball, 9LS, EV 88.8 MPH)
|
|
Batting: RHB Pete Rice
|
0-0: Called Strike 0-1: Ball 1-1: Foul Ball, location: 2F 1-2: Ball 2-2: Ball 3-2: Foul Ball, location: 2F 3-2: Foul Ball, location: 2F 3-2: Grounds into double play, 4-6-3 (Groundball, 4, EV 105.6 MPH)
|
| Bottom of the 5th over - 0 runs, 1 hit, 0 errors, 0 left on base; Huron 4 - Duluth-Superior 0 |
| TOP OF THE 6TH |
|
Huron Cubs batting - Pitching for Duluth-Superior Dukes : RHP Francis Cutty
|
|
Batting: RHB Greg Zunino
|
0-0: Ball 1-0: Ball 2-0: Called Strike 2-1: Swinging Strike 2-2: Ground out 5-3 (Groundball, 56S, EV 88.8 MPH)
|
|
Batting: LHB Willis Gonzalez
|
0-0: Ball 1-0: Foul Ball, location: 2F 1-1: Ball 2-1: Foul Ball, location: 2F 2-2: SINGLE (Groundball, 34D, EV 103.8 MPH)
|
|
Batting: RHB Duffy Ryan
|
0-0: Ball 1-0: Ball 2-0: Called Strike 2-1: Foul Ball, location: 2F 2-2: Ball 3-2: Grounds into double play, 6-4-3 (Groundball, 6, EV 85.6 MPH)
|
| Top of the 6th over - 0 runs, 1 hit, 0 errors, 0 left on base; Huron 4 - Duluth-Superior 0 |
| BOTTOM OF THE 6TH |
|
Duluth-Superior Dukes batting - Pitching for Huron Cubs : RHP Carlos Gil
|
|
Batting: RHB Gary Hinson
|
0-0: Swinging Strike 0-1: Foul Ball, location: 2F 0-2: Foul Ball, location: 2F 0-2: Ball 1-2: Foul Ball, location: 2F 1-2: Ball 2-2: Ball 3-2: Ground out 6-3 (Groundball, 6MS, EV 84.4 MPH)
|
|
Batting: RHB Allan Garray
|
0-0: Ball 1-0: Ball 2-0: Called Strike 2-1: Ground out 6-3 (Groundball, 6, EV 111.3 MPH)
|
|
Batting: RHB Hector Cervantes
|
0-0: Foul Ball, location: 2F 0-1: Swinging Strike 0-2: SINGLE (Line Drive, 9S, EV 91.9 MPH)
|
|
Batting: RHB Jim Ferguson
|
0-0: Called Strike Hector Cervantes steals 2nd base 0-1: Ball 1-1: Ball 2-1: Ground out 6-3 (Groundball, 6M, EV 88.1 MPH)
|
| Bottom of the 6th over - 0 runs, 1 hit, 0 errors, 1 left on base; Huron 4 - Duluth-Superior 0 |
| TOP OF THE 7TH |
|
Huron Cubs batting - Pitching for Duluth-Superior Dukes : RHP Francis Cutty
|
|
Batting: RHB Scot Holliday
|
0-0: Ball 1-0: Ball 2-0: Called Strike 2-1: Ground out 6-3 (Groundball, 6, EV 82.5 MPH)
|
|
Batting: SHB Chris Pittaro
|
0-0: Called Strike 0-1: Foul Ball, location: 2F 0-2: Ball 1-2: SINGLE (Flyball, 5D, EV 95.0 MPH)
|
|
Batting: SHB Keith Smith
|
0-0: Ball 1-0: Ball 2-0: Ball 3-0: Called Strike 3-1: Called Strike 3-2: Foul Ball, location: 2F 3-2: Reached on error, E3 (Groundball, 3, EV 83.1 MPH) Chris Pittaro to second
|
|
Batting: RHB Mike Stellern
|
0-0: Ball 1-0: Called Strike 1-1: DOUBLE (Flyball, 78D, EV 87.5 MPH) Chris Pittaro scores Keith Smith to third Runner from 3rd tries for Home, SAFE, no throw by CF
|
|
Pitching: RHP Ruben Gotay
|
|
|
Batting: RHB Mark Carreon
|
0-0: Called Strike 0-1: Ball 1-1: Foul Ball, location: 2F 1-2: Foul Ball, location: 2F 1-2: Ball 2-2: Foul Ball, location: 2F 2-2: Foul Ball, location: 2F 2-2: Ground out 6-3 (Groundball, 6, EV 75.6 MPH) Mike Stellern to third
|
|
Batting: RHB John Alvarez
|
0-0: Ball 1-0: Fly out, F4 (Popup, 34S, EV 78.1 MPH)
|
| Top of the 7th over - 2 runs, 2 hits, 1 error, 1 left on base; Huron 6 - Duluth-Superior 0 |
| BOTTOM OF THE 7TH |
|
Duluth-Superior Dukes batting - Pitching for Huron Cubs : RHP Carlos Gil
|
|
Batting: RHB Ricky Sheetz
|
0-0: Foul Ball, location: 2F 0-1: Ball 1-1: Ball 2-1: Foul Ball, location: 2F 2-2: Foul Ball, location: 2F 2-2: Fly out, F8 (Flyball, 8LS, EV 84.4 MPH)
|
|
Batting: LHB Ralph Bryant
|
0-0: Foul Ball, location: 2F 0-1: Ball 1-1: Foul Ball, location: 2F 1-2: TRIPLE (Flyball, 78XD, EV 88.1 MPH)
|
|
Batting: RHB Leo Vargas
|
0-0: Called Strike 0-1: Ball 1-1: Ball 2-1: Foul Ball, location: 2F 2-2: Fly out, F4 (Flyball, 34D, EV 81.9 MPH)
|
|
Batting: SHB Garry Humpston
|
0-0: Ball 1-0: Ball 2-0: Ball 3-0: Base on Balls
|
|
Batting: RHB Pete Rice
|
0-0: Called Strike 0-1: Ball 1-1: Foul Ball, location: 2F 1-2: Ball 2-2: Ball 3-2: Foul Ball, location: 2F 3-2: Foul Ball, location: 2F 3-2: Strikes out swinging
|
| Bottom of the 7th over - 0 runs, 1 hit, 0 errors, 2 left on base; Huron 6 - Duluth-Superior 0 |
| TOP OF THE 8TH |
|
Huron Cubs batting - Pitching for Duluth-Superior Dukes : RHP Ruben Gotay
|
|
Batting: RHB Greg Zunino
|
0-0: Ball 1-0: Foul Ball, location: 2F 1-1: Foul Ball, location: 2F 1-2: SINGLE (Line Drive, 34D, EV 96.9 MPH)
|
|
Batting: LHB Willis Gonzalez
|
0-0: Ball 1-0: Ball 2-0: Ball 3-0: Called Strike 3-1: Base on Balls Greg Zunino to second
|
|
Batting: RHB Duffy Ryan
|
0-0: Ball 1-0: Ball 2-0: Fly out, F9 (Flyball, 89M, EV 86.3 MPH)
|
|
Batting: RHB Scot Holliday
|
0-0: Called Strike 0-1: Foul Ball, location: 2F 0-2: Ball 1-2: Ball 2-2: Foul Ball, location: 2F 2-2: Fielders Choice at 3rd, U5 (Groundball, 5L, EV 84.4 MPH) Willis Gonzalez to second
|
|
Batting: SHB Chris Pittaro
|
0-0: Fly out, F8 (Line Drive, 8LD, EV 90.6 MPH)
|
| Top of the 8th over - 0 runs, 1 hit, 0 errors, 2 left on base; Huron 6 - Duluth-Superior 0 |
| BOTTOM OF THE 8TH |
|
Duluth-Superior Dukes batting - Pitching for Huron Cubs : RHP Carlos Gil
|
|
Batting: RHB Gary Hinson
|
0-0: Ball 1-0: Ball 2-0: Called Strike 2-1: Swinging Strike 2-2: Foul Ball, location: 2F 2-2: Ball 3-2: Base on Balls
|
|
Batting: RHB Allan Garray
|
0-0: Ball 1-0: Called Strike 1-1: Called Strike 1-2: Foul Ball, location: 2F 1-2: Ball 2-2: Foul Ball, location: 2F 2-2: Strikes out swinging
|
|
Batting: RHB Hector Cervantes
|
0-0: Foul Ball, location: 2F 0-1: Ball 1-1: Swinging Strike 1-2: Foul Ball, location: 2F 1-2: Foul Ball, location: 2F 1-2: DOUBLE (Line Drive, 9LD, EV 107.5 MPH) Gary Hinson to third
|
|
Batting: RHB Jim Ferguson
|
0-0: Ball 1-0: Ball 2-0: Ground out 5-3 (Groundball, 56S, EV 80.0 MPH) Gary Hinson scores
|
|
Batting: RHB Ricky Sheetz
|
0-0: Ball 1-0: Called Strike 1-1: Ball 2-1: Foul Ball, location: 2F 2-2: Foul Ball, location: 2F 2-2: Ground out 6-3 (Groundball, 6, EV 110.6 MPH)
|
| Bottom of the 8th over - 1 run, 1 hit, 0 errors, 1 left on base; Huron 6 - Duluth-Superior 1 |
| TOP OF THE 9TH |
|
Huron Cubs batting - Pitching for Duluth-Superior Dukes : RHP Ruben Gotay
|
|
Batting: SHB Keith Smith
|
0-0: Ball 1-0: Ball 2-0: Ball 3-0: Called Strike 3-1: Base on Balls
|
|
Batting: RHB Mike Stellern
|
0-0: Foul Ball, location: 2F 0-1: Called Strike 0-2: Ball Keith Smith steals 2nd base 1-2: Ball 2-2: Foul Ball, location: 2F 2-2: Ground out 4-3 (Groundball, 4, EV 93.1 MPH) Keith Smith to third
|
|
Batting: RHB Mark Carreon
|
0-0: 2-RUN HOME RUN (Flyball, 7LD, EV 99.4 MPH), Distance : 364 ft
|
|
Batting: RHB John Alvarez
|
0-0: Called Strike 0-1: Foul Ball, location: 2F 0-2: Ball 1-2: Ground out 2-3 (Groundball, 15S, EV 61.9 MPH)
|
|
Pinch Hitting: LHB Thomas Copeland
|
0-0: Called Strike 0-1: Ground out 4-3 (Groundball, 4, EV 77.5 MPH)
|
| Top of the 9th over - 2 runs, 1 hit, 0 errors, 0 left on base; Huron 8 - Duluth-Superior 1 |
| BOTTOM OF THE 9TH |
|
Duluth-Superior Dukes batting - Pitching for Huron Cubs : RHP Carlos Gil
|
|
Now in RF: Thomas Copeland
|
|
|
Batting: LHB Ralph Bryant
|
0-0: Called Strike 0-1: Ball 1-1: Called Strike 1-2: Ball 2-2: Strikes out swinging
|
|
Batting: RHB Leo Vargas
|
0-0: Called Strike 0-1: Ball 1-1: Foul Ball, location: 2F 1-2: Fly out, F8 (Flyball, 8LM, EV 79.4 MPH)
|
|
Batting: SHB Garry Humpston
|
0-0: Ball 1-0: Ground out 4-3 (Groundball, 4D, EV 107.5 MPH)
|
| Bottom of the 9th over - 0 runs, 0 hits, 0 errors, 0 left on base; Huron 8 - Duluth-Superior 1 |
|